 Dungeon Crawl Stone Soup version 0.26-a0-651-gb41185065b (webtiles) character file.

Game seed: 11994658167219964487

(classic levelgen) 4 EnegeticOcto the Shield-Bearer (level 1, -1/20 HPs)
             Began as a Deep Dwarf Fighter on Oct 7, 2020.
             Slain by Sigmund
             ... wielding a +0 scythe
              (7 damage)
             ... on level 2 of the Dungeon.
             The game lasted 00:00:04 (60 turns).

EnegeticOcto the Shield-Bearer (Deep Dwarf Fighter)   Turns: 60, Time: 00:00:04

Health: -1/20      AC:  6    Str: 19    XL:     1   Next: 58%
Magic:  1/1        EV:  7    Int:  8    God:
Gold:   0          SH:  9    Dex: 12    Spells: 0/0 levels left

rFire    . . .     SeeInvis .   a - +0 war axe
rCold    . . .     Faith    .   c - +0 kite shield
rNeg     . . .     Spirit   .   b - +0 scale mail
rPois    .         Reflect  .   (no helmet)
rElec    .         Harm     .   (no cloak)
rCorr    .         Rampage  .   (no gloves)
MR       .....                  (no boots)
Stlth    ..........             (no amulet)
HPRegen  0.00/turn              (no ring)
MPRegen  0.07/turn              (no ring)

@: non-regenerating
A: damage resistance, heal wounds, sense surroundings 1, no regeneration
a: Heal Wounds


You were on level 2 of the Dungeon.
You visited 1 branch of the dungeon, and saw 2 of its levels.

Inventory:

Hand Weapons
 a - a +0 war axe (weapon)
Armour
 b - a +0 scale mail (worn)
 c - a +0 kite shield (worn)
Scrolls
 e - a scroll of teleportation {unknown}
Potions
 d - a potion of might {@q3}


   Skills:
 + Level 2.7 Fighting
 * Level 2.4 Axes
 + Level 3.3 Armour
 + Level 3.3 Shields


You couldn't memorise any spells.
You didn't know any spells.
Your spell library was empty.

Dungeon Overview and Level Annotations

Branches:
Dungeon (2/15)

Altars:

Annotations:
D:2 Sigmund


Innate Abilities, Weirdness & Mutations

You are resistant to damage.
You can heal yourself by infusing magical energy.
You passively map a small area around you.
You do not regenerate.


Message History

The kobold barely misses you.
You slash the kobold!
You kill the kobold!
No target in view!
No target in view!
No target in view!
No target in view!
No target in view!
No target in view!
No target in view!
No target in view!
No target in view!
No target in view!
No target in view!
No target in view!
No target in view!
No target in view!
No target in view!
(D) Dungeon
Where to? (? - help)
You see here a stone.
There is an open door here.
There is an open door here.
There is a stone staircase leading down here.
You climb downwards.
A bat comes into view.
Found 9 arrows.
There is a stone staircase leading up here.
A bat is nearby!
A frilled lizard comes into view.
The frilled lizard hisses angrily.
You closely miss the bat. The bat barely misses you.
You block the bat's attack.
You slash the bat!
You kill the bat!
The frilled lizard bites you but does no damage.
You miss the frilled lizard. The frilled lizard bites you.
You hit the frilled lizard.
You kill the frilled lizard!
No target in view!
No target in view!
No target in view!
No target in view!
No target in view!
Found a helmet.
You see here a bat corpse.
Sigmund the Dreaded comes into view.
He is wielding a +0 scythe and wearing a +0 robe of magic resistance.
Sigmund shouts!
You hear a shout!
Sigmund is nearby!
A hobgoblin comes into view.
Sigmund points at you and mumbles some strange words.
You resist with significant effort.
Found a fuming amethyst potion.
Sigmund hits you but does no damage.
You barely miss Sigmund. You barely miss Sigmund. You hit the hobgoblin.
Sigmund hits you with a +0 scythe. The hobgoblin hits you.
You closely miss the hobgoblin.
The hobgoblin is severely wounded.
You hit Sigmund.
Sigmund casts a spell.
Sigmund flickers and vanishes!
Deactivating autopickup; reactivate with Ctrl-A.
The hobgoblin closely misses you.
You hear some strange, mumbled words.
Something tries to affect you, but you resist.
The hobgoblin hits you but does no damage.
A hobgoblin is nearby!
A hobgoblin is nearby!
A hobgoblin is nearby!
You slash the hobgoblin!
You kill the hobgoblin!
You slash something! You block something's attack.
No target in view!
No target in view!
No target in view!
No target in view!
No target in view!
No target in view!
No target in view!
No target in view!
No target in view!
No target in view!
No target in view!
You barely miss something. Something hits you but does no damage.
You miss something. Something hits you but does no damage.
You hit something but do no damage. Something hits you.
You miss something. Something hits you!
Ouch! That really hurt!
You barely miss something.
You hear some strange, mumbled words.
A magic dart appears from out of thin air!
The magic dart hits you.
* * * LOW HITPOINT WARNING * * *
You miss something. Something hits you but does no damage.
You hit something.
You hear some strange, mumbled words.
A magic dart appears from out of thin air!
The magic dart hits you. Something hits you!
You die...

, #. , ,* , #.##.#[#
# #.#....# . .
,#......## .#
..,#.......# ##.#
#..#.......###...# *
,*
.!.............######
#.....{......<.......
, ,#†@...†######### *
* #.(......# *
####..##..... , #..#
.....# ** #..# ,#####
##.. ###. * ..


There were no monsters in sight!

Vanquished Creatures
  A bat (D:2)
  A hobgoblin (D:2)
  A kobold (D:1)
  A frilled lizard (D:2)
4 creatures vanquished.

Notes
Turn   | Place    | Note
-------+----------+-------------------------------------------
     0 | D:1      | EnegeticOcto the Deep Dwarf Fighter began the quest for the
                  | Orb.
     0 | D:1      | Reached XP level 1. HP: 20/20 MP: 1/1
    46 | D:2      | Noticed Sigmund
    60 | D:2      | Slain by Sigmund

Illustrated notes

Levels and vault maps discovered:
D:1:      dpeg_arrival_simpleton_b, layout_loops_ring, minmay_tetromino_l2
D:2:      kennysheep_big_flooded_room, layout_rooms, lemuel_round_altar,
          serial_curves, eino_curves_01, eino_curves_04, uniq_sigmund,
          uniq_crazy_yiuf_cottage

Action                   || total
-------------------------++-------
Melee: War axe           ||    17
Armor: Scale mail        ||     5
Dodge: Dodged            ||     4
Block: Kite shield       ||     2

Table legend: (Time is in decaauts)
 A = Elapsed time spent in this place.
 B = Non-inter-level travel time spent in this place.
 C = Inter-level travel time spent in this place.
 D = Time resting spent in this place.
 E = Time spent auto-exploring this place.
 F = Levels seen in this place.
 G = Mean time per level.
                   A        B        C        D        E       F      G
               +--------+--------+--------+--------+--------+-----+--------+
         Total |     67 |     53 |     14 |      0 |     19 |   2 |   33.5 |
       Dungeon |     67 |     53 |     14 |      0 |     19 |   2 |   33.5 |
               +--------+--------+--------+--------+--------+-----+--------+

Top non-repeatable levels by time:
     D:1: 39 daAuts
     D:2: 27 daAuts
